 Dungeon Crawl Stone Soup version 0.24-a0-282-g1a68c91 (webtiles) character file.

Game seed: 13957263681860861822

2 MatthieuS the Sneak (level 1, -1/10 HPs)
             Began as a Kobold Enchanter on May 2, 2019.
             Slain by a frilled lizard (3 damage)
             ... on level 1 of the Dungeon.
             The game lasted 00:00:35 (45 turns).

MatthieuS the Sneak (Kobold Enchanter)                Turns: 45, Time: 00:00:36

Health: -1/10      AC:  2    Str:  5    XL:     1   Next: 33%
Magic:  2/3        EV: 15    Int: 16    God:
Gold:   14         SH:  0    Dex: 15    Spells: 3/4 levels left

rFire    . . .     SeeInvis .   a - +1 dagger
rCold    . . .     Gourm    .   (shield restricted)
rNeg     . . .     Faith    .   b - +0 robe
rPois    .         Spirit   .   (no helmet)
rElec    .         Reflect  .   (no cloak)
rCorr    .         Harm     .   (no gloves)
MR       .....                  (no boots)
Stlth    +++.......             (no amulet)
HPRegen  0.03/turn              (no ring)
MPRegen  0.08/turn              (no ring)

@: no status effects
A: small, carnivore
a: no special abilities


You were on level 1 of the Dungeon.
You were not hungry.

You visited 1 branch of the dungeon, and saw 1 of its levels.

You collected 14 gold pieces.

Inventory:

Hand Weapons
 a - a +1 dagger (weapon)
Armour
 b - a +0 robe (worn)
Comestibles
 e - a ration


   Skills:
 + Level 0.0 Fighting
 + Level 1.4 Short Blades
 + Level 2.4 Dodging
 + Level 4.0 Stealth
 + Level 2.2 Spellcasting
 + Level 3.0 Hexes


You had 3 spell levels left.
You knew the following spells:

 Your Spells              Type           Power        Failure   Level  Hunger
a - Corona                Hex            ##.....      6%          1    #......

Your spell library contained the following spells:

 Spells                   Type           Power        Failure   Level  Hunger
 Ensorcelled Hibernation  Hex/Ice        #.....       17%         2    ###....
 Confuse                  Hex            ##......     19%         3    ###....
 Tukima's Dance           Hex            ##......     19%         3    ###....
 Dazzling Spray           Conj/Hex       #.....       32%         3    ###....


Dungeon Overview and Level Annotations

Branches:
Dungeon (1/15)

Altars:


Innate Abilities, Weirdness & Mutations

You are small and have problems with some larger weapons.
You are carnivorous and can eat meat at any time.


Message History

You now have 14 gold pieces (gained 12).
A hobgoblin and a kobold come into view.
Found 3 scrolls labeled JOREUSIRISE.
A bat comes into view.
A leopard gecko comes into view.
The hobgoblin shouts!
The kobold shouts!
You hear an angry hiss. x2
The bat closely misses you. The kobold hits you but does no damage.
The bat hits you but does no damage. The bat misses you.
The bat barely misses you. The bat barely misses you.
The bat closely misses you. The bat barely misses you.
The bat closely misses you. Why would you want to do that?
You barely miss the kobold. The bat barely misses you.
The kobold closely misses you.
You completely miss the kobold. The bat hits you. The kobold hits you.
The bat misses you.
Aim: a kobold (chance to defeat MR: 64%)
The kobold is outlined in light.
The bat misses you. The kobold misses you.
You hit the kobold. The bat hits you. The kobold hits you.
* * * LOW HITPOINT WARNING * * *
The bat misses you.
You hit the kobold but do no damage. The bat closely misses you.
The kobold misses you.
You hit the kobold. The bat closely misses you. x2
The kobold barely misses you.
You hit the kobold.
You kill the kobold!
The bat hits you.
* * * LOW HITPOINT WARNING * * *
The bat misses you. The bat hits you but does no damage.
The bat closely misses you. The bat closely misses you. The bat misses you.
The bat hits you but does no damage. The bat hits you but does no damage.
The bat closely misses you.
A frilled lizard comes into view.
Aim: a bat (chance to defeat MR: 64%)
The bat is outlined in light.
The frilled lizard hisses angrily.
The bat closely misses you.
You hit the bat. The bat barely misses you. The bat closely misses you.
You hit the bat.
You kill the bat!
The frilled lizard closely misses you. The hobgoblin barely misses you.
The frilled lizard bites you.
You die...

#...#.##. ##........
############...#.....
##................#...
#.....≈≈≈≈≈..........#
#....≈≈§≈§§≈.......#.
#<...§≈(>?§≈.......#
#....≈≈≈≈§§≈.......#
#.....≈≈§≈≈@..........
##......lg.l..........
############.....#...
##....##.# #....?..#
##.... #.## .#


You could see a leopard gecko, a hobgoblin and a frilled lizard.

Vanquished Creatures
  A kobold (D:1)
  A bat (D:1)
2 creatures vanquished.

Notes
Turn   | Place    | Note
-------+----------+-------------------------------------------
     0 | D:1      | MatthieuS the Kobold Enchanter began the quest for the Orb.
     0 | D:1      | Reached XP level 1. HP: 10/10 MP: 3/3
    45 | D:1      | Slain by a frilled lizard

Levels and vault maps discovered:
D:1:      lemuel_arrival_lava_pool, layout_loops_ring

Action                   || total
-------------------------++-------
Melee: Dagger            ||     8
 Cast: Corona            ||     2
Armor: Robe              ||     5
Dodge: Dodged            ||    28

Table legend:
 A = Non-vault XP
 B = Vault XP
 C = Vault XP percentage of total XP
 D = Non-vault monster count
 E = Vault monster count
 F = Vault count percentage of total count
                 A         B        C        D         E       F
            +---------+---------+-------+---------+---------+-------
      Total |       3 |       0 |   0.0 |       2 |       0 |   0.0
            +---------+---------+-------+---------+---------+-------
        D:1 |       3 |       0 |   0.0 |       2 |       0 |   0.0
            +---------+---------+-------+---------+---------+-------
